 Dungeon Crawl Stone Soup version 0.22-a0-460-g49b1da7 (webtiles) character file.

2146 DrEnzyme the Fighter (level 9, -4/66 HPs)
             Began as an Octopode Wanderer on June 9, 2018.
             Was an Initiate of Gozag.
             Slain by a hog (9 damage)
             ... on level 6 of the Dungeon.
             The game lasted 00:34:51 (10173 turns).

DrEnzyme the Fighter (Octopode Wanderer)           Turns: 10173, Time: 00:34:51

Health: -4/66      AC:  1    Str: 10 (12) XL:     9   Next: 31%
Magic:  9/9        EV: 16    Int: 14 (16) God:    Gozag
Gold:   291        SH:  5    Dex: 10 (12) Spells: 6/8 levels left

rFire    . . .     SeeInvis +     - Unarmed
rCold    . . .     Gourm    .   f - +0 buckler
rNeg     + . .     Faith    .   (helmet restricted)
rPois    .         Spirit   .   (no amulet)
rElec    .         Reflect  .   (no ring)
rCorr    .         Harm     .   h - ring of positive energy
MR       .....                  (no ring)
Stlth    +++.......             (no ring)
HPRegen  0.21/turn              (no ring)
MPRegen  0.11/turn              (no ring)
                                (no ring)
                                (no ring)

@: about to teleport
A: almost no armour, stealthy swim, amphibious, 8 rings, constrict 8, camouflage
1, see invisible, screaming 1, gelatinous body 1
a: Potion Petition, Call Merchant, Bribe Branch, Renounce Religion


You were on level 6 of the Dungeon.
You worshipped Gozag.
Gozag was aware of your devotion.
You were not hungry.

You visited 2 branches of the dungeon, and saw 8 of its levels.

You collected 415 gold pieces.
You paid 124 gold pieces to Gozag.

Inventory:

Hand Weapons
 a - a +2 hand crossbow of venom
 b - a +2 hunting sling of velocity
Missiles
 t - 4 bolts
 w - 14 sling bullets
Armour
 f - a +0 buckler (worn)
Jewellery
 h - a ring of positive energy (right tentacle)
 k - an uncursed ring of fire
 o - a cursed amulet of inaccuracy {unknown}
 s - an uncursed ring of magical power {unknown}
Wands
 v - a wand of paralysis (10)
Scrolls
 c - a scroll of blinking {unknown}
 i - a scroll of enchant weapon {unknown}
 l - a scroll of magic mapping
 m - a scroll of teleportation
 p - a scroll of remove curse {unknown}
 q - a scroll of brand weapon
 r - a scroll of amnesia
 u - a scroll of enchant armour {unknown}
Potions
 e - a potion of flight
 n - 2 potions of brilliance
Comestibles
 d - 6 rations


   Skills:
 - Level 8.0 Fighting
 + Level 7.9 Crossbows
 + Level 7.2 Dodging
 - Level 1.3 Stealth
 + Level 6.9 Shields
 + Level 6.7 Unarmed Combat
 - Level 1.1 Evocations


You had 6 spell levels left.
You knew the following spells:

 Your Spells              Type           Power        Failure   Level  Hunger
a - Apportation           Tloc           #.....       28%         1    ##.....
b - Summon Small Mammal   Summ           #...         28%         1    ##.....

Your spell library contained the following spells:

 Spells                   Type           Power        Failure   Level  Hunger
 Animate Skeleton         Necr           N/A          28%         1    ##.....
 Confusing Touch          Hex            #.....       28%         1    ##.....


Dungeon Overview and Level Annotations

Branches:
Dungeon (7/15)             Temple (1/1) D:6

Altars:
Ashenzari
Cheibriados
Dithmenos
Elyvilon
Fedhas
Gozag
Hepliaklqana
Kikubaaqudgha
Nemelex Xobeh
Okawaru
Qazlal
Ru
Sif Muna
Trog
Uskayaw
Wu Jian
Xom
The Shining One

Shops:
D:5 }

Annotations:
D:2 exclusion: 2 downstairs
D:3 Grinder; Jessica; RedSky's ghost, weakling DrFE
D:4 exclusion: 2 downstairs
D:5 exclusion: 2 downstairs
D:6 exclusion: 2 downstairs, RedSky's ghost, amateur DrFE
D:7 busb's ghost, novice OpWn


Innate Abilities, Weirdness & Mutations

You cannot wear most types of armour.
You are very stealthy in the water. (Stealth+)
You are amphibious.
You can wear up to eight rings at the same time.
You can use your tentacles to constrict eight enemies at once.
Your skin changes colour to match your surroundings (Stealth+).
Your rubbery body absorbs attacks. (AC +1, EV +1)
You have supernaturally acute eyesight. (SInv)
You occasionally shout uncontrollably at your foes.


Message History

You climb upwards.
Level annotation: exclusion: 2 downstairs, RedSky's ghost, amateur DrFE
There is a stone staircase leading down, spattered with blood here.
You miss the human. Your grab misses the human. You squeeze the human!
The human is moderately wounded.
The hog bites you! x2
Unknown command.
The human hits you with a hand axe. The hog misses you. The hog bites you.
As you read the scroll of teleportation, it crumbles to dust.
You feel strangely unstable. The hog bites you!
* * * LOW HITPOINT WARNING * * *
The hog bites you!
* * * LOW HITPOINT WARNING * * *
Your surroundings seem slightly different.
As you read the scroll of teleportation, it crumbles to dust.
You feel strangely unstable. The hog bites you!
You die...
Your body crumbles into a pile of gold.

#.....###...####....#######
#.....###......'...........
#.....'......###.....##.#..
#..)..#......#######'##.#..
#.....#......##...>........
##>........................
#$####......#.............
#.# #..ph..#...).........
#.# ####@###.##..#.####.#
#.#######.#.####'#######.#
#......##.#.#.......#.....
######......#.......#.....
#......'...>...#....#
#......#.......#.....
#......#.......#.....
#......####'####?#.#.
###.....#.##..# #.#.#.


You could see a hog and a human.

Vanquished Creatures
  2 hogs
  A phantom (D:5)
  An orc warrior (D:6)
  A sky beast (D:6)
  2 ogres
  2 centaurs
  A bullfrog (D:5)
  A howler monkey (D:5)
  A jelly (D:5)
  A bullfrog skeleton (D:6)
  3 hounds
  2 orc wizards
  A centaur skeleton (D:4)
  4 iguanas
  4 worker ants
  Robin (D:3)
  A howler monkey zombie (D:6)
  6 gnolls
  4 adders
  2 shadow imps
  2 adder skeletons
  2 dart slugs
  2 worms
  3 leopard geckos
  11 orcs
  4 giant cockroaches
  14 goblins
  9 hobgoblins
  16 jackals
  3 kobolds (D:1)
  3 quokkas
  4 bats
  3 frilled lizards
  A jackal skeleton (D:5)
  A leopard gecko zombie (D:6)
  9 rats
128 creatures vanquished.

Notes
Turn   | Place    | Note
-------+----------+-------------------------------------------
     0 | D:1      | DrEnzyme the Octopode Wanderer began the quest for the Orb.
     0 | D:1      | DrEnzyme set off with: a +2 hand crossbow, 23 bolts, 2 potions of lignification, a ration
     0 | D:1      | Reached XP level 1. HP: 18/18 MP: 1/1
    77 | D:1      | Reached XP level 2. HP: 24/24 MP: 2/2
    80 | D:1      | Found an iron altar of Okawaru.
   199 | D:1      | Reached skill level 1 in Dodging
   541 | D:1      | Reached XP level 3. HP: 29/29 MP: 3/3
  1142 | D:2      | Reached skill level 1 in Shields
  1142 | D:2      | Reached XP level 4. HP: 35/35 MP: 4/4
  1393 | D:2      | Learned a level 1 spell: Apportation
  1545 | D:2      | Found a stormy altar of Qazlal.
  1819 | D:3      | Noticed Robin
  1821 | D:3      | Killed Robin
  1821 | D:3      | Reached XP level 5. HP: 39/39 MP: 5/5
  1877 | D:3      | Noticed RedSky's ghost (weakling DrFE)
  3055 | D:4      | Reached skill level 1 in Unarmed Combat
  3289 | D:4      | Reached XP level 6. HP: 30/45 MP: 6/6
  3988 | D:4      | Found a bloodstained altar of Trog.
  4238 | D:5      | Entered Level 5 of the Dungeon
  4241 | D:5      | Noticed a phantom
  4795 | D:5      | Reached XP level 7. HP: 32/50 MP: 7/7
  5714 | D:5      | HP: 2/50 [phantom (3)]
  5720 | D:5      | Gained mutation: You occasionally shout uncontrollably at your foes. [potion of mutation]
  5720 | D:5      | Gained mutation: You have supernaturally acute eyesight. (SInv) [potion of mutation]
  5724 | D:5      | Reached skill level 8 in Fighting
  5724 | D:5      | Reached XP level 8. HP: 4/61 MP: 8/8
  6178 | D:5      | Found a white marble altar of Elyvilon.
  6256 | D:5      | Found Fuih's Gadget Boutique.
  6604 | D:3      | Found a faded altar of an unknown god.
  6774 | D:3      | Noticed Grinder
  6782 | D:3      | Noticed Jessica
  6918 | D:5      | Found a glowing golden altar of the Shining One.
  7034 | D:6      | Noticed RedSky's ghost (amateur DrFE)
  7219 | D:4      | Learned a level 1 spell: Summon Small Mammal
  7298 | D:6      | Found a staircase to the Ecumenical Temple.
  7306 | D:6      | Paralysed by a gnoll for 3 turns
  7849 | D:6      | Reached XP level 9. HP: 61/66 MP: 9/9
  8684 | Temple   | Entered the Ecumenical Temple
  8873 | Temple   | Became a worshipper of Gozag Ym Sagoz the Greedy
  9191 | D:7      | Noticed a hand axe
  9191 | D:7      | Noticed a dagger
  9225 | D:7      | Noticed busb's ghost (novice OpWn)
  9260 | D:7      | Found a hide-covered altar of Uskayaw.
 10173 | D:6      | Slain by a hog

Vault maps used:
D:1:      dpeg_arrival_prison, okawaru_ov_weapons_minmay
D:2:      marbit_many_paths
D:3:      lemuel_zombie_altar_yredelemnul, chequers_ecumenical_altar_simple,
          uniq_robin, uniq_grinder, uniq_jessica
D:4:      overflow_temple_1_default, first_ration
D:5:      elyvilon_altar_5, serial_shops, nicolae_shop_behind_doors,
          tso_metal_star
D:6:      temple_green
D:7:      dancing_weapons_uskayaw, grunt_livestock, kennysheep_boxes
Temple:   eino_narrow_crystal_temple

Skill      XL: |  1  2  3  4  5  6  7  8 |
---------------+-------------------------+-----
Dodging        | 1 2 3 6 7 |  7.2
Shields        | 1 2 6 |  6.9
Crossbows      | 4 7 |  7.9
Unarmed Combat | 1 2 6 |  6.7
Fighting       | 8 |  8.0
Stealth        | |  1.3
Evocations     | |  1.1

Action                   |  1- 3 |  4- 6 |  7- 9 || total
-------------------------+-------+-------+-------++-------
Melee: Unarmed           |       |   135 |   274 ||   409
       Constrict         |       |    28 |    35 ||    63
       Tentacles         |       |    27 |    35 ||    62
       Punch             |       |     1 |     6 ||     7
 Fire: Hand crossbow     |    85 |    34 |    22 ||   141
 Cast: Summon Small Mamm |       |       |     5 ||     5
  Use: Scroll            |     1 |     7 |     8 ||    16
       Potion            |     1 |     3 |    12 ||    16
 Stab: Sleeping          |       |       |     3 ||     3
  Eat: Chunk             |     1 |     4 |     7 ||    12
       Ration            |       |     2 |     3 ||     5
Armor: Skin              |     2 |    15 |     8 ||    25
Dodge: Dodged            |    11 |    97 |   175 ||   283
Block: Buckler           |       |       |    30 ||    30

Table legend:
 A = Spawn XP
 B = Non-spawn XP
 C = Spawn XP percentage of total XP
 D = Spawn monster count
 E = Non-spawn monster count
 F = Spawn count percentage of total count
 G = Total turns spent on level
                    A         B        C        D         E        F      G
               +---------+---------+-------+---------+---------+-------+---------
         Total |       0 |    2389 |   0.0 |       0 |     128 |   0.0 | 10173
               +---------+---------+-------+---------+---------+-------+---------
           D:1 |       0 |      40 |   0.0 |       0 |      23 |   0.0 |   835
           D:2 |       0 |     111 |   0.0 |       0 |      22 |   0.0 |  1946
           D:3 |       0 |      44 |   0.0 |       0 |      16 |   0.0 |   614
           D:4 |       0 |     317 |   0.0 |       0 |      18 |   0.0 |  2420
           D:5 |       0 |     752 |   0.0 |       0 |      21 |   0.0 |  2310
           D:6 |       0 |     902 |   0.0 |       0 |      26 |   0.0 |  1719
           D:7 |       0 |     223 |   0.0 |       0 |       2 |   0.0 |   124
               +---------+---------+-------+---------+---------+-------+---------
